 Dungeon Crawl Stone Soup version 0.29-a0-993-g4a18f31a58 (webtiles) character file.

Game seed: 2384506826721245186

224 Nato the Cleaver (level 6, -1/51 HPs)
             Began as a Hill Orc Fighter on Aug 3, 2022.
             Slain by a wyvern (9 damage)
             ... on level 4 of the Dungeon.
             The game lasted 00:03:25 (2822 turns).

Nato the Cleaver (Hill Orc Fighter)                 Turns: 2822, Time: 00:03:25

Health: -1/51      AC: 10    Str: 21    XL:     6   Next: 0%
Magic:  6/6        EV:  9    Int:  8    God:
Gold:   180        SH:  4    Dex: 10    Spells: 5/5 levels left

rFire   . . .      SeeInvis .   a - +0 war axe
rCold   . . .      Faith    .   c - +0 buckler
rNeg    . . .      Spirit   .   b - +0 scale mail
rPois   .          Reflect  .   (no helmet)
rElec   .          Harm     .   (no cloak)
rCorr   .          Rampage  .   (no gloves)
Will    .....                   (no boots)
Stlth   ..........              (no amulet)
HPRegen 0.17/turn               i - +4 ring of protection
MPRegen 0.10/turn               (no ring)

@: mighty
A: no striking features
a: no special abilities


You were on level 4 of the Dungeon.
You visited 1 branch of the dungeon, and saw 4 of its levels.

You collected 180 gold pieces.

Inventory:

Hand Weapons
 a - a +0 war axe (weapon)
Armour
 b - a +0 scale mail (worn)
 c - a +0 buckler (worn)
Jewellery
 i - a +4 ring of protection (left hand)
 s - a ring of protection from fire
Wands
 t - a wand of roots (6)
Scrolls
 e - 5 scrolls of identify {unknown}
 h - a scroll of fear {unknown}
 j - a scroll of magic mapping {unknown}
 k - 2 scrolls of teleportation {unknown}
 l - a scroll of amnesia {unknown}
 m - a scroll of poison {unknown}
 o - a scroll of noise {unknown}
 p - a scroll of vulnerability {unknown}
Potions
 f - a potion of mutation {unknown}
 g - 2 potions of heal wounds {unknown}
 n - 2 potions of attraction {unknown}
 q - a potion of flight {unknown}
 r - a potion of curing {unknown}
 u - a potion of berserk rage {unknown}


   Skills:
 - Level 3.6 Fighting
 + Level 8.0 Axes
 - Level 3.2 Armour
 - Level 3.2 Shields


You had 5 spell levels left.
You didn't know any spells.
Your spell library contained the following spells:

 Spells                   Type           Power      Damage    Failure   Level
 Freeze                   Ice            0%         1d3       83%         1
 Ensorcelled Hibernation  Hex/Ice        0%         N/A       93%         2
 Passwall                 Tmut/Erth      0%         N/A       93%         2
 Frozen Ramparts          Ice            0%         1d8       99%         3
 Swiftness                Air            0%         N/A       99%         3
 Hailstorm                Conj/Ice       0%         3d3       100%        4
 Summon Forest            Summ/Tloc      0%         N/A       100%        5
 Eringya's Noxious Bog    Tmut/Pois      0%         N/A       100%        6
 Summon Hydra             Summ           0%         N/A       100%        7


Dungeon Overview and Level Annotations

Branches:
Dungeon (4/15)
 Temple: D:4-7

Altars:
Nemelex Xobeh
Trog


Message History

You slash the iguana!
The iguana is almost dead.
The iguana bites you but does no damage.
You barely miss the iguana.
The iguana is almost dead.
The iguana barely misses you. You block the iguana's attack.
You barely miss the iguana.
The iguana is almost dead.
The iguana barely misses you.
You hit the iguana.
You kill the iguana!
Your Axes skill increases to level 8!
You have reached level 6!
You see here an iguana corpse.
u - a bubbling purple potion A wyvern comes into view.
The wyvern hisses angrily.
A wyvern is nearby!
A wyvern is nearby!
The wyvern bites you! x2
You hit the wyvern but do no damage. You block the wyvern's attack.
The wyvern bites you!
You are too injured to fight recklessly!
You are too injured to fight recklessly!
You are too injured to fight recklessly!
You are too injured to fight recklessly!
You hit the wyvern.
The wyvern is lightly wounded.
The wyvern bites you!
* * * LOW HITPOINT WARNING * * *
A wyvern is nearby!
You feel very mighty all of a sudden. The wyvern barely misses you.
You block the wyvern's attack.
You hit the wyvern.
The wyvern is lightly wounded.
You block the wyvern's attack.
You slash the wyvern!
The wyvern is severely wounded.
The wyvern bites you!
You die...

##########
#........#
#.######.# #.# #.#
########.######.###
#.....l@..........#
#.######........#.#
#.....####.####
##...#........#
##.##.###.##.# #.#
#.##.# #.##.# #.#
#.##.# #.##.### #.#
##'##.# #.......
#.# ##...#.#
####.###


You could see a wyvern.

Vanquished Creatures
  2 hounds
  Ijyb (D:3)
  An iguana (D:4)
  3 adders
  3 gnolls (D:2)
  2 worms
  A dart slug (D:2)
  5 ball pythons
  3 bats (D:3)
  4 endoplasms
  2 giant cockroaches
  4 goblins
  6 hobgoblins
  3 quokkas
  4 frilled lizards
  4 kobolds
  4 rats
52 creatures vanquished.

Notes
Turn   | Place    | Note
-------+----------+-------------------------------------------
     0 | D:1      | Nato the Hill Orc Fighter began the quest for the Orb.
     0 | D:1      | Reached XP level 1. HP: 19/19 MP: 1/1
    85 | D:1      | Reached skill level 3 in Axes
    95 | D:1      | Found a faded altar of an unknown god.
   215 | D:1      | Reached XP level 2. HP: 26/26 MP: 2/2
   272 | D:1      | Reached skill level 4 in Axes
   662 | D:2      | Reached skill level 5 in Axes
   662 | D:2      | Reached XP level 3. HP: 22/31 MP: 3/3
  1061 | D:2      | Reached XP level 4. HP: 39/39 MP: 4/4
  1179 | D:2      | Reached skill level 6 in Axes
  1891 | D:3      | Noticed Ijyb
  1903 | D:3      | Killed Ijyb
  1904 | D:3      | Reached skill level 7 in Axes
  1904 | D:3      | Reached XP level 5. HP: 12/45 MP: 5/5
  2603 | D:4      | Found a sparkling altar of Nemelex Xobeh.
  2658 | D:4      | Found a bloodstained altar of Trog.
  2744 | D:4      | Reached skill level 8 in Axes
  2744 | D:4      | Reached XP level 6. HP: 44/51 MP: 6/6
  2816 | D:4      | Noticed a wyvern
  2822 | D:4      | Slain by a wyvern

Illustrated notes

Levels and vault maps discovered:
D:1:      ncdulo_lavacross, layout_basic, basic_ecumenical_altar,
          reono_crystal_passage
D:2:      layout_loops_corners
D:3:      layout_rooms, uniq_crazy_yiuf_cottage, uniq_ijyb
D:4:      layout_loops_corners, nemelex_xobeh_ov_fountains_minmay,
          mainiacjoe_overflow_big_doors, serial_shops,
          nicolae_inconvenience_store

Skill      XL: |  1  2  3  4  5 |
---------------+----------------+-----
Axes           | 3 5 7 8 |  8.0
Fighting       | |  3.6
Armour         | |  3.2
Shields        | |  3.2

Action                   |  1- 3 |  4- 6 || total
-------------------------+-------+-------++-------
Melee: War axe           |    53 |   113 ||   166
  Use: Potion            |       |     2 ||     2
Armor: Scale mail        |    16 |    62 ||    78
Dodge: Dodged            |    20 |    43 ||    63
Block: Buckler           |    12 |    23 ||    35

Table legend: (Time is in decaauts)
 A = Elapsed time spent in this place.
 B = Non-inter-level travel time spent in this place.
 C = Inter-level travel time spent in this place.
 D = Time resting spent in this place.
 E = Time spent auto-exploring this place.
 F = Levels seen in this place.
 G = Mean time per level.
                   A        B        C        D        E       F      G
               +--------+--------+--------+--------+--------+-----+--------+
         Total |   2861 |   2784 |     77 |    294 |   2091 |   4 |  715.2 |
       Dungeon |   2861 |   2784 |     77 |    294 |   2091 |   4 |  715.2 |
               +--------+--------+--------+--------+--------+-----+--------+

Top non-repeatable levels by time:
     D:2: 1179 daAuts
     D:3: 858 daAuts
     D:1: 465 daAuts
     D:4: 357 daAuts
